AoeStats
← Stanko2026

Arabian Desert

510335829Analyzed
1v1 RM · 1d ago on Sep 30, 2026· 58m 14s· 2 players
Game mode
Random Map
Map size
Tiny (2 player)
Population
200
Speed
Normal
Resources
Standard
Victory
Conquest
Starting age
Dark Age
Ending age
Imperial Age
RankedLock teamsTeams togetherTeam positionsShared explorationLock speedFull tech treeHidden civsTurbo modeCheats
Victory
Defeat
🇫🇷 Franks · France
800
+14
🇩🇪 Sicilians · Germany
764
-14
Stanko2026
0:26 Loom
11:45 Feudal Age
12:47 Double-Bit Axe
13:23 Horse Collar
13:54 Gold Mining
26:42 Castle Age
24:44 Stone Mining
26:08 Bloodlines
27:41 Bow Saw
27:32 Heavy Plow
27:24 Light Cavalry
28:05 Husbandry
28:49 Elite Skirmisher
29:35 Pikeman
30:54 Stone Shaft Mining
31:02 Squires
36:10 Murder Holes
39:40 Ballistics
46:15 Imperial Age
45:49 Scale Barding Armor
45:45 Scale Mail Armor
45:35 Fletching
45:46 Padded Archer Armor
48:21 Conscription
49:27 Halberdier
52:25 Crop Rotation
54:45 Chemistry
55:10 Bodkin Arrow
55:45 Cranequins
Samyboss1982
0:30 Loom
11:31 Feudal Age
11:58 Double-Bit Axe
16:04 Fletching
21:17 Castle Age
19:45 Padded Archer Armor
23:16 Wheelbarrow
22:27 Town Watch
22:40 Bodkin Arrow
22:07 Crossbowman
23:44 Bow Saw
25:19 Leather Archer Armor
34:48 Imperial Age
33:12 Ballistics
36:38 Chemistry
35:33 Murder Holes
35:04 Pikeman
39:16 Hand Cart
39:01 Town Patrol
39:25 Masonry
41:03 Forging
41:00 Scale Barding Armor
40:56 Scale Mail Armor
40:31 Cranequins
44:45 Heavy Mounted Crossbowman
47:02 Man-at-Arms
47:04 Halberdier
47:44 Squires
47:31 Arson
53:07 Chain Barding Armor
53:23 Iron Casting
53:04 Chain Mail Armor
52:13 Cavalier
52:54 Husbandry
53:55 Chivalry
53:15 Ordonnance Companies
54:08 Ordonnance Companies
56:07 Paladin
Connection lost

Rejoining the realm…

Still unreachable

The connection could not be restored.

Session expired

The server has moved on; the page needs a fresh start.